Connexion

COLORADO Avalanche vs VANCOUVER Canucks

Created - 16 octobre 2023 at 05:46

Goals
1 2 3 T
COLORADO Avalanche 3 2 2 7
VANCOUVER Canucks 0 1 0 1
Shots
1 2 3 T
COLORADO Avalanche 9 13 13 35
VANCOUVER Canucks 9 12 6 27

GoalsPenalties
1st period
1. COLORADO Avalanche , Anze Kopitar 7 (Evgeny Svechnikov 5, Glenn Gawdin 2) at 2:16
2. COLORADO Avalanche , Alexander Wennberg 9 (Luke Glendening 5, Oscar Klefbom 12) at 8:21
3. COLORADO Avalanche , Evgeny Svechnikov 4 (Noah Dobson 11, Mark Pysyk 10) at 9:39
Brenden Dillon (COL) for Interference (Minor) at 3:16
2nd period
4. COLORADO Avalanche , Claude Giroux 8 (Christian Djoos 7) at 5:33
5. VANCOUVER Canucks , Ryan Pulock 2 (Devin Shore 5, Mattias Ekholm 8) at 9:13 (PP)
6. COLORADO Avalanche , Anthony Mantha 5 (Artemi Panarin 8, Noah Dobson 12) at 16:00
Oscar Klefbom (COL) for Hooking (Minor) at 8:03
3rd period
7. COLORADO Avalanche , Evgeny Svechnikov 5 (Anze Kopitar 5) at 15:23
8. COLORADO Avalanche , Glenn Gawdin 2 (Anze Kopitar 6, Gustav Lindstrom 7) at 17:21
Evgeny Svechnikov (COL) for Hooking (Minor) at 8:46
Evgeny Svechnikov (COL) for Hooking (Minor) at 13:10
Goalie Stats
Braden Holtby (COL), 26 saves from 27 shots - (0,963), W, 12-12-1, 60:00 minutes
Philipp Grubauer (VAN), 21 saves from 24 shots - (0,875), 34:27 minutes
Jeremy Swayman (VAN), 7 saves from 11 shots - (0,636), L, 9-7-1, 25:33 minutes
3 StarsOfficial
1 - Anze Kopitar (COL)
2 - Evgeny Svechnikov (COL)
3 - Glenn Gawdin (COL)
Referees : Francois StLaurent and Dennis LaRue
Linesman : Scott Cherrey and David Brisebois
Game Note
Philipp Grubauer enters game at 5:33 of 2nd period
Finance
Level 1 -- Attendance: 6000 (100,00%) -- Ticket Income 720 000 $
Level 2 -- Attendance: 5130 (91,12%) -- Ticket Income 384 750 $
Level 3 -- Attendance: 2000 (100,00%) -- Ticket Income 90 000 $
Level 4 -- Attendance: 3686 (92,15%) -- Ticket Income 110 580 $
Luxury Box -- Attendance: 933 (93,30%) -- Ticket Income 209 925 $
Game was played at the Rogers Arena.
Total Attendance: 17749 (95,27%)
Total Ticket Income: 1 515 255 $
Other Income: 303 051 $
Total Income: 1 818 306 $



Team Name Goals Shots Shots Attemp Shots Blocked PIM HIT PP PK FO%
COLORADO Avalanche 7356998200 / 0 (0,00%150%
VANCOUVER Canucks 12758140201 / 4 (25%)050%

COLORADO Avalanche
Player Name POS G A P +/- PIM HIT SHT SB MP PP MP PP SHT PK MP PK SHT FO% FOT
Adam RuzickaC000000000:030:0000:0000% 0
Alex ChiassonLW/RW0001014018:450:0000:0000% 1
Alexander WennbergC1011003120:530:0002:08056% 25
Anthony ManthaLW/RW1012031017:390:0000:0000% 1
Anze KopitarC1234018015:460:0002:08065% 20
Artemi PanarinLW0112002022:380:0004:5900% 1
Brenden DillonD0002200216:120:0000:4500% 0
Christian DjoosD0113000023:460:0003:4000% 0
Claude GirouxC/LW/RW1012054025:080:0004:41048% 31
Evgeny SvechnikovRW2134423013:540:0000:1800% 0
Glenn GawdinC/LW1124027013:380:0000:0000% 0
Gustav LindstromD0112000115:280:0000:0000% 0
Luke GlendeningC/RW0111000018:450:0000:0000% 0
Mark PysykD0112001320:460:0003:2700% 0
Martin FrkRW000000002:510:0000:0000% 1
Noah DobsonD0222031120:460:0003:2700% 0
Oscar KlefbomD0113230123:000:0002:5500% 0
Philip TomasinoC000000102:510:0000:0000% 4
VANCOUVER Canucks
Player Name POS G A P +/- PIM HIT SHT SB MP PP MP PP SHT PK MP PK SHT FO% FOT
Ben ChiarotD000-2010113:440:0000:0000% 0
Casey MittelstadtC000-3004113:510:0000:00057% 23
Devin ShoreC/LW/RW011-2001020:013:5300:00033% 3
Jack EichelC000-2002020:013:5300:00037% 19
Janne KuokkanenLW000-3003013:510:0000:000100% 1
Joel Eriksson EKC/LW/RW0000031023:063:1400:00050% 2
Logan ShawC/RW000-3041013:510:0000:000100% 1
Matt DucheneC/LW000-2002026:083:1400:00048% 27
Mattias EkholmD011-2010221:042:3700:0000% 0
Michael RasmussenC000-200003:020:0000:00050% 4
Nate SchmidtD000-3025225:124:3040:0000% 0
Ryan DzingelC/LW/RW000-2022120:013:5300:00050% 2
Ryan PulockD101-2013521:042:3730:0000% 0
Tobias BjornfotD000-2000113:440:0000:0000% 0
Tomas NosekC/LW000-200103:020:0000:0000% 0
Travis HamonicD000-3051125:124:3010:0000% 0
Tyler AngleC000000000:000:0000:0000% 0
Vladimir TarasenkoRW0000011023:063:1400:000100% 2



Play-by-Play

1st period


0:01 of 1st period - Claude Giroux wins face-off versus Matt Duchene in neutral zone.
0:31 of 1st period - Claude Giroux is hit by Nate Schmidt.
0:46 of 1st period - Artemi Panarin is hit by Nate Schmidt and loses puck.
1:19 of 1st period - Shot by Alexander Wennberg.
1:19 of 1st period - Shot Blocked by Mattias Ekholm.
1:50 of 1st period - Icing by Alexander Wennberg.
1:51 of 1st period - Casey Mittelstadt wins face-off versus Alexander Wennberg in COLORADO Avalanche zone.
2:00 of 1st period - Shot by Janne Kuokkanen.
2:00 of 1st period - Stopped by Braden Holtby without a rebound.
2:01 of 1st period - Anze Kopitar wins face-off versus Casey Mittelstadt in COLORADO Avalanche zone.
2:12 of 1st period - Shot by Glenn Gawdin.
2:12 of 1st period - Shot Misses the Net.
2:14 of 1st period - Shot by Evgeny Svechnikov.
2:14 of 1st period - Shot Misses the Net.
2:16 of 1st period - Shot by Anze Kopitar.
2:16 of 1st period - Goal by Anze Kopitar - COLORADO Avalanche : 1 - VANCOUVER Canucks : 0.
2:17 of 1st period - Michael Rasmussen wins face-off versus Martin Frk in neutral zone.
2:37 of 1st period - Icing by Oscar Klefbom.
2:38 of 1st period - Casey Mittelstadt wins face-off versus Philip Tomasino in COLORADO Avalanche zone.
2:48 of 1st period - Christian Djoos is hit by Logan Shaw and loses puck.
3:09 of 1st period - Shot by Claude Giroux.
3:09 of 1st period - Stopped by Jeremy Swayman without a rebound.
3:10 of 1st period - Anze Kopitar wins face-off versus Matt Duchene in VANCOUVER Canucks zone.
3:11 of 1st period - Shot by Glenn Gawdin.
3:11 of 1st period - Shot Misses the Net.
3:16 of 1st period - Minor Penalty to Brenden Dillon for Interference.
3:17 of 1st period - Matt Duchene wins face-off versus Claude Giroux in COLORADO Avalanche zone.
3:18 of 1st period - Shot by Nate Schmidt.
3:18 of 1st period - Shot Blocked by Noah Dobson.
3:30 of 1st period - Shot by Travis Hamonic.
3:30 of 1st period - Stopped by Braden Holtby without a rebound.
3:31 of 1st period - Jack Eichel wins face-off versus Claude Giroux in COLORADO Avalanche zone.
3:47 of 1st period - Ryan Pulock is hit by Noah Dobson and loses puck.
5:11 of 1st period - Shot by Nate Schmidt.
5:11 of 1st period - Stopped by Braden Holtby with a rebound.
5:18 of 1st period - Icing by Vladimir Tarasenko.
5:19 of 1st period - Alexander Wennberg wins face-off versus Casey Mittelstadt in VANCOUVER Canucks zone.
6:04 of 1st period - Gustav Lindstrom is hit by Logan Shaw and loses puck.
6:38 of 1st period - Shot by Tomas Nosek.
6:38 of 1st period - Stopped by Braden Holtby with a rebound.
6:52 of 1st period - Mattias Ekholm is hit by Anze Kopitar and loses puck.
7:24 of 1st period - Shot by Artemi Panarin.
7:24 of 1st period - Shot Misses the Net.
7:30 of 1st period - Shot by Claude Giroux.
7:30 of 1st period - Shot Misses the Net.
8:09 of 1st period - Icing by Ryan Pulock.
8:10 of 1st period - Alexander Wennberg wins face-off versus Michael Rasmussen in VANCOUVER Canucks zone.
8:21 of 1st period - Shot by Alexander Wennberg.
8:21 of 1st period - Goal by Alexander Wennberg - COLORADO Avalanche : 2 - VANCOUVER Canucks : 0.
8:22 of 1st period - Anze Kopitar wins face-off versus Devin Shore in neutral zone.
8:25 of 1st period - Shot by Glenn Gawdin.
8:25 of 1st period - Shot Misses the Net.
8:27 of 1st period - Shot by Evgeny Svechnikov.
8:27 of 1st period - Shot Blocked by Travis Hamonic.
8:29 of 1st period - Shot by Glenn Gawdin.
8:29 of 1st period - Stopped by Jeremy Swayman without a rebound.
8:30 of 1st period - Anze Kopitar wins face-off versus Jack Eichel in VANCOUVER Canucks zone.
8:39 of 1st period - Shot by Anze Kopitar.
8:39 of 1st period - Stopped by Jeremy Swayman without a rebound.
8:40 of 1st period - Jack Eichel wins face-off versus Claude Giroux in VANCOUVER Canucks zone.
8:44 of 1st period - Off-side.
8:45 of 1st period - Ryan Dzingel wins face-off versus Claude Giroux in neutral zone.
9:21 of 1st period - Shot by Jack Eichel.
9:21 of 1st period - Stopped by Braden Holtby with a rebound.
9:23 of 1st period - Shot by Devin Shore.
9:23 of 1st period - Shot Misses the Net.
9:25 of 1st period - Shot by Nate Schmidt.
9:25 of 1st period - Stopped by Braden Holtby without a rebound.
9:26 of 1st period - Anze Kopitar wins face-off versus Casey Mittelstadt in COLORADO Avalanche zone.
9:39 of 1st period - Shot by Evgeny Svechnikov.
9:39 of 1st period - Goal by Evgeny Svechnikov - COLORADO Avalanche : 3 - VANCOUVER Canucks : 0.
9:40 of 1st period - Casey Mittelstadt wins face-off versus Alexander Wennberg in neutral zone.
9:42 of 1st period - Off-side.
9:43 of 1st period - Alexander Wennberg wins face-off versus Casey Mittelstadt in neutral zone.
9:48 of 1st period - Shot by Mark Pysyk.
9:48 of 1st period - Shot Misses the Net.
9:52 of 1st period - Shot by Noah Dobson.
9:52 of 1st period - Stopped by Jeremy Swayman without a rebound.
9:53 of 1st period - Matt Duchene wins face-off versus Claude Giroux in VANCOUVER Canucks zone.
9:53 of 1st period - Matt Duchene is hit by Claude Giroux.
11:13 of 1st period - Shot by Alexander Wennberg.
11:13 of 1st period - Shot Blocked by Ryan Dzingel.
11:21 of 1st period - Icing by Noah Dobson.
11:22 of 1st period - Janne Kuokkanen wins face-off versus Alexander Wennberg in COLORADO Avalanche zone.
11:35 of 1st period - Shot by Casey Mittelstadt.
11:35 of 1st period - Shot Misses the Net.
11:48 of 1st period - Janne Kuokkanen is hit by Noah Dobson and loses puck.
12:22 of 1st period - Icing by Nate Schmidt.
12:23 of 1st period - Joel Eriksson EK wins face-off versus Anze Kopitar in VANCOUVER Canucks zone.
13:27 of 1st period - Shot by Ryan Dzingel.
13:27 of 1st period - Shot Misses the Net.
13:29 of 1st period - Shot by Jack Eichel.
13:29 of 1st period - Shot Misses the Net.
13:31 of 1st period - Shot by Devin Shore.
13:31 of 1st period - Shot Hit the Post.
13:33 of 1st period - Shot by Mattias Ekholm.
13:33 of 1st period - Shot Misses the Net.
13:51 of 1st period - Mattias Ekholm is hit by Glenn Gawdin and loses puck.
15:56 of 1st period - Shot by Alex Chiasson.
15:56 of 1st period - Stopped by Jeremy Swayman without a rebound.
15:57 of 1st period - Casey Mittelstadt wins face-off versus Philip Tomasino in VANCOUVER Canucks zone.
16:02 of 1st period - Shot by Casey Mittelstadt.
16:02 of 1st period - Shot Misses the Net.
16:14 of 1st period - Shot by Philip Tomasino.
16:14 of 1st period - Stopped by Jeremy Swayman without a rebound.
16:15 of 1st period - Michael Rasmussen wins face-off versus Alexander Wennberg in VANCOUVER Canucks zone.
16:33 of 1st period - Icing by Christian Djoos.
16:34 of 1st period - Alexander Wennberg wins face-off versus Jack Eichel in COLORADO Avalanche zone.
16:34 of 1st period - Alexander Wennberg is hit by Ryan Dzingel.
17:00 of 1st period - Shot by Jack Eichel.
17:00 of 1st period - Shot Misses the Net.
17:14 of 1st period - Shot by Jack Eichel.
17:14 of 1st period - Deflect By Ryan Dzingel.
17:14 of 1st period - Stopped by Braden Holtby with a rebound.
17:16 of 1st period - Shot by Travis Hamonic.
17:16 of 1st period - Shot Blocked by Oscar Klefbom.
17:40 of 1st period - Shot by Matt Duchene.
17:40 of 1st period - Shot Blocked by Mark Pysyk.
17:58 of 1st period - Shot by Artemi Panarin.
17:58 of 1st period - Shot Blocked by Mattias Ekholm.
18:11 of 1st period - Shot by Claude Giroux.
18:11 of 1st period - Shot Blocked by Ryan Pulock.
18:13 of 1st period - Shot by Noah Dobson.
18:13 of 1st period - Shot Blocked by Ryan Pulock.
18:28 of 1st period - Anthony Mantha is hit by Ben Chiarot and loses puck.
18:41 of 1st period - Shot by Janne Kuokkanen.
18:41 of 1st period - Shot Blocked by Gustav Lindstrom.
18:43 of 1st period - Shot by Casey Mittelstadt.
18:43 of 1st period - Stopped by Braden Holtby with a rebound.
18:55 of 1st period - Shot by Ben Chiarot.
18:55 of 1st period - Shot Misses the Net.
19:05 of 1st period - Shot by Janne Kuokkanen.
19:05 of 1st period - Stopped by Braden Holtby with a rebound.
19:07 of 1st period - Shot by Janne Kuokkanen.
19:07 of 1st period - Shot Misses the Net.
Goals for this period are 3 for COLORADO Avalanche vs 0 for VANCOUVER Canucks .
Shots for this period are 9 for COLORADO Avalanche vs 9 for VANCOUVER Canucks .

2nd period


0:01 of 2nd period - Matt Duchene wins face-off versus Artemi Panarin in neutral zone.
1:13 of 2nd period - Shot by Jack Eichel.
1:13 of 2nd period - Shot Misses the Net.
1:32 of 2nd period - Shot by Jack Eichel.
1:32 of 2nd period - Shot Misses the Net.
1:34 of 2nd period - Shot by Ryan Dzingel.
1:34 of 2nd period - Stopped by Braden Holtby without a rebound.
1:35 of 2nd period - Casey Mittelstadt wins face-off versus Anze Kopitar in COLORADO Avalanche zone.
1:38 of 2nd period - Shot by Janne Kuokkanen.
1:38 of 2nd period - Shot Blocked by Brenden Dillon.
1:54 of 2nd period - Gustav Lindstrom is hit by Logan Shaw and loses puck.
2:05 of 2nd period - Shot by Logan Shaw.
2:05 of 2nd period - Shot Blocked by Brenden Dillon.
2:45 of 2nd period - Off-side.
2:46 of 2nd period - Matt Duchene wins face-off versus Claude Giroux in neutral zone.
3:38 of 2nd period - Icing by Joel Eriksson EK.
3:39 of 2nd period - Alexander Wennberg wins face-off versus Matt Duchene in VANCOUVER Canucks zone.
4:09 of 2nd period - Noah Dobson is hit by Mattias Ekholm and loses puck.
5:04 of 2nd period - Shot by Glenn Gawdin.
5:04 of 2nd period - Stopped by Jeremy Swayman with a rebound.
5:10 of 2nd period - Anze Kopitar is hit by Logan Shaw and loses puck.
5:19 of 2nd period - Shot by Janne Kuokkanen.
5:19 of 2nd period - Deflect By Logan Shaw.
5:19 of 2nd period - Shot Misses the Net.
5:23 of 2nd period - Shot by Janne Kuokkanen.
5:23 of 2nd period - Deflect By Logan Shaw.
5:23 of 2nd period - Stopped by Braden Holtby without a rebound.
5:24 of 2nd period - Claude Giroux wins face-off versus Michael Rasmussen in COLORADO Avalanche zone.
5:33 of 2nd period - Shot by Claude Giroux.
5:33 of 2nd period - Goal by Claude Giroux - COLORADO Avalanche : 4 - VANCOUVER Canucks : 0.
5:33 of 2nd period - Philipp Grubauer enters game.
5:34 of 2nd period - Claude Giroux wins face-off versus Joel Eriksson EK in neutral zone.
5:45 of 2nd period - Oscar Klefbom is hit by Vladimir Tarasenko.
6:13 of 2nd period - Shot by Claude Giroux.
6:13 of 2nd period - Stopped by Philipp Grubauer without a rebound.
6:14 of 2nd period - Alexander Wennberg wins face-off versus Jack Eichel in VANCOUVER Canucks zone.
6:14 of 2nd period - Alexander Wennberg is hit by Ryan Pulock.
6:42 of 2nd period - Shot by Jack Eichel.
6:42 of 2nd period - Shot Blocked by Alexander Wennberg.
6:46 of 2nd period - Shot by Devin Shore.
6:46 of 2nd period - Stopped by Braden Holtby with a rebound.
6:48 of 2nd period - Shot by Mattias Ekholm.
6:48 of 2nd period - Deflect By Devin Shore.
6:48 of 2nd period - Shot Blocked by Mark Pysyk.
7:05 of 2nd period - Icing by Noah Dobson.
7:06 of 2nd period - Vladimir Tarasenko wins face-off versus Alexander Wennberg in COLORADO Avalanche zone.
7:13 of 2nd period - Shot by Matt Duchene.
7:13 of 2nd period - Shot Misses the Net.
7:25 of 2nd period - Shot by Matt Duchene.
7:25 of 2nd period - Deflect By Joel Eriksson EK.
7:25 of 2nd period - Shot Blocked by Mark Pysyk.
7:27 of 2nd period - Shot by Matt Duchene.
7:27 of 2nd period - Shot Misses the Net.
7:29 of 2nd period - Shot by Matt Duchene.
7:29 of 2nd period - Stopped by Braden Holtby without a rebound.
7:30 of 2nd period - Casey Mittelstadt wins face-off versus Anthony Mantha in COLORADO Avalanche zone.
7:46 of 2nd period - Logan Shaw is hit by Oscar Klefbom.
8:03 of 2nd period - Minor Penalty to Oscar Klefbom for Hooking.
8:04 of 2nd period - Claude Giroux wins face-off versus Matt Duchene in COLORADO Avalanche zone.
9:13 of 2nd period - Shot by Ryan Pulock.
9:13 of 2nd period - Goal by Ryan Pulock - COLORADO Avalanche : 4 - VANCOUVER Canucks : 1.
9:14 of 2nd period - Anze Kopitar wins face-off versus Casey Mittelstadt in neutral zone.
9:27 of 2nd period - Shot by Janne Kuokkanen.
9:27 of 2nd period - Stopped by Braden Holtby without a rebound.
9:28 of 2nd period - Alexander Wennberg wins face-off versus Jack Eichel in COLORADO Avalanche zone.
9:49 of 2nd period - Shot by Alexander Wennberg.
9:49 of 2nd period - Deflect By Alex Chiasson.
9:49 of 2nd period - Shot Misses the Net.
10:52 of 2nd period - Icing by Gustav Lindstrom.
10:53 of 2nd period - Anze Kopitar wins face-off versus Casey Mittelstadt in COLORADO Avalanche zone.
11:00 of 2nd period - Ben Chiarot is hit by Evgeny Svechnikov and loses puck.
11:15 of 2nd period - Shot by Casey Mittelstadt.
11:15 of 2nd period - Stopped by Braden Holtby with a rebound.
11:32 of 2nd period - Shot by Casey Mittelstadt.
11:32 of 2nd period - Stopped by Braden Holtby without a rebound.
11:33 of 2nd period - Matt Duchene wins face-off versus Claude Giroux in COLORADO Avalanche zone.
12:02 of 2nd period - Shot by Joel Eriksson EK.
12:02 of 2nd period - Stopped by Braden Holtby without a rebound.
12:03 of 2nd period - Alexander Wennberg wins face-off versus Jack Eichel in COLORADO Avalanche zone.
12:10 of 2nd period - Shot by Alexander Wennberg.
12:10 of 2nd period - Shot Blocked by Ryan Pulock.
12:12 of 2nd period - Shot by Mark Pysyk.
12:12 of 2nd period - Stopped by Philipp Grubauer without a rebound.
12:13 of 2nd period - Casey Mittelstadt wins face-off versus Alexander Wennberg in VANCOUVER Canucks zone.
12:15 of 2nd period - Icing by Janne Kuokkanen.
12:16 of 2nd period - Casey Mittelstadt wins face-off versus Claude Giroux in VANCOUVER Canucks zone.
12:42 of 2nd period - Icing by Oscar Klefbom.
12:43 of 2nd period - Claude Giroux wins face-off versus Matt Duchene in COLORADO Avalanche zone.
12:59 of 2nd period - Anthony Mantha is hit by Travis Hamonic and loses puck.
13:02 of 2nd period - Shot by Oscar Klefbom.
13:02 of 2nd period - Shot Misses the Net.
13:30 of 2nd period - Shot by Alexander Wennberg.
13:30 of 2nd period - Shot Blocked by Nate Schmidt.
14:38 of 2nd period - Shot by Anze Kopitar.
14:38 of 2nd period - Stopped by Philipp Grubauer with a rebound.
14:40 of 2nd period - Shot by Anze Kopitar.
14:40 of 2nd period - Stopped by Philipp Grubauer without a rebound.
14:41 of 2nd period - Claude Giroux wins face-off versus Casey Mittelstadt in VANCOUVER Canucks zone.
14:55 of 2nd period - Icing by Tobias Bjornfot.
14:56 of 2nd period - Casey Mittelstadt wins face-off versus Philip Tomasino in VANCOUVER Canucks zone.
15:11 of 2nd period - Shot by Casey Mittelstadt.
15:11 of 2nd period - Stopped by Braden Holtby without a rebound.
15:12 of 2nd period - Alexander Wennberg wins face-off versus Jack Eichel in COLORADO Avalanche zone.
15:17 of 2nd period - Shot by Ryan Dzingel.
15:17 of 2nd period - Shot Misses the Net.
15:30 of 2nd period - Icing by Ryan Pulock.
15:31 of 2nd period - Claude Giroux wins face-off versus Devin Shore in VANCOUVER Canucks zone.
16:00 of 2nd period - Shot by Anthony Mantha.
16:00 of 2nd period - Goal by Anthony Mantha - COLORADO Avalanche : 5 - VANCOUVER Canucks : 1.
16:01 of 2nd period - Casey Mittelstadt wins face-off versus Alexander Wennberg in neutral zone.
16:16 of 2nd period - Shot by Alex Chiasson.
16:16 of 2nd period - Stopped by Philipp Grubauer without a rebound.
16:17 of 2nd period - Matt Duchene wins face-off versus Philip Tomasino in VANCOUVER Canucks zone.
16:23 of 2nd period - Nate Schmidt is hit by Claude Giroux and loses puck.
16:53 of 2nd period - Shot by Matt Duchene.
16:53 of 2nd period - Stopped by Braden Holtby without a rebound.
16:54 of 2nd period - Jack Eichel wins face-off versus Alexander Wennberg in COLORADO Avalanche zone.
16:58 of 2nd period - Icing by Oscar Klefbom.
16:59 of 2nd period - Alexander Wennberg wins face-off versus Ryan Dzingel in COLORADO Avalanche zone.
16:59 of 2nd period - Alexander Wennberg is hit by Ryan Dzingel.
17:21 of 2nd period - Shot by Alex Chiasson.
17:21 of 2nd period - Stopped by Philipp Grubauer without a rebound.
17:22 of 2nd period - Matt Duchene wins face-off versus Claude Giroux in VANCOUVER Canucks zone.
17:22 of 2nd period - Matt Duchene is hit by Anthony Mantha.
17:32 of 2nd period - Shot by Vladimir Tarasenko.
17:32 of 2nd period - Stopped by Braden Holtby with a rebound.
17:59 of 2nd period - Shot by Claude Giroux.
17:59 of 2nd period - Shot Misses the Net.
18:01 of 2nd period - Shot by Artemi Panarin.
18:01 of 2nd period - Shot Misses the Net.
18:39 of 2nd period - Shot by Alexander Wennberg.
18:39 of 2nd period - Stopped by Philipp Grubauer with a rebound.
18:47 of 2nd period - Shot by Luke Glendening.
18:47 of 2nd period - Deflect By Alexander Wennberg.
18:47 of 2nd period - Shot Blocked by Nate Schmidt.
19:00 of 2nd period - Icing by Nate Schmidt.
19:01 of 2nd period - Matt Duchene wins face-off versus Anze Kopitar in VANCOUVER Canucks zone.
19:16 of 2nd period - Shot by Anze Kopitar.
19:16 of 2nd period - Shot Blocked by Ryan Pulock.
19:18 of 2nd period - Shot by Anze Kopitar.
19:18 of 2nd period - Stopped by Philipp Grubauer with a rebound.
19:20 of 2nd period - Shot by Glenn Gawdin.
19:20 of 2nd period - Deflect By Anze Kopitar.
19:20 of 2nd period - Shot Misses the Net.
19:30 of 2nd period - Shot by Glenn Gawdin.
19:30 of 2nd period - Shot Blocked by Ryan Pulock.
19:32 of 2nd period - Shot by Glenn Gawdin.
19:32 of 2nd period - Stopped by Philipp Grubauer with a rebound.
19:34 of 2nd period - Shot by Glenn Gawdin.
19:34 of 2nd period - Shot Misses the Net.
19:36 of 2nd period - Shot by Glenn Gawdin.
19:36 of 2nd period - Stopped by Philipp Grubauer with a rebound.
Goals for this period are 2 for COLORADO Avalanche vs 1 for VANCOUVER Canucks .
Shots for this period are 13 for COLORADO Avalanche vs 12 for VANCOUVER Canucks .

3rd period


0:01 of 3rd period - Matt Duchene wins face-off versus Claude Giroux in neutral zone.
0:20 of 3rd period - Shot by Claude Giroux.
0:20 of 3rd period - Stopped by Philipp Grubauer without a rebound.
0:21 of 3rd period - Alexander Wennberg wins face-off versus Jack Eichel in VANCOUVER Canucks zone.
1:11 of 3rd period - Icing by Noah Dobson.
1:12 of 3rd period - Matt Duchene wins face-off versus Alexander Wennberg in COLORADO Avalanche zone.
1:27 of 3rd period - Matt Duchene is hit by Alex Chiasson and loses puck.
1:38 of 3rd period - Matt Duchene is hit by Claude Giroux and loses puck.
2:36 of 3rd period - Shot by Evgeny Svechnikov.
2:36 of 3rd period - Stopped by Philipp Grubauer without a rebound.
2:37 of 3rd period - Devin Shore wins face-off versus Anze Kopitar in VANCOUVER Canucks zone.
3:31 of 3rd period - Jack Eichel is hit by Claude Giroux and loses puck.
4:21 of 3rd period - Icing by Christian Djoos.
4:22 of 3rd period - Alexander Wennberg wins face-off versus Casey Mittelstadt in COLORADO Avalanche zone.
4:31 of 3rd period - Shot by Christian Djoos.
4:31 of 3rd period - Shot Misses the Net.
4:33 of 3rd period - Shot by Luke Glendening.
4:33 of 3rd period - Shot Blocked by Casey Mittelstadt.
4:45 of 3rd period - Shot by Alexander Wennberg.
4:45 of 3rd period - Stopped by Philipp Grubauer without a rebound.
4:46 of 3rd period - Anze Kopitar wins face-off versus Matt Duchene in VANCOUVER Canucks zone.
4:47 of 3rd period - Shot by Glenn Gawdin.
4:47 of 3rd period - Stopped by Philipp Grubauer without a rebound.
4:48 of 3rd period - Matt Duchene wins face-off versus Anze Kopitar in VANCOUVER Canucks zone.
4:53 of 3rd period - Shot by Anze Kopitar.
4:53 of 3rd period - Stopped by Philipp Grubauer without a rebound.
4:54 of 3rd period - Vladimir Tarasenko wins face-off versus Claude Giroux in VANCOUVER Canucks zone.
4:54 of 3rd period - Vladimir Tarasenko is hit by Anthony Mantha.
4:59 of 3rd period - Joel Eriksson EK is hit by Oscar Klefbom and loses puck.
5:06 of 3rd period - Vladimir Tarasenko is hit by Claude Giroux and loses puck.
5:50 of 3rd period - Off-side.
5:51 of 3rd period - Casey Mittelstadt wins face-off versus Alexander Wennberg in neutral zone.
7:09 of 3rd period - Shot by Jack Eichel.
7:09 of 3rd period - Shot Misses the Net.
7:28 of 3rd period - Off-side.
7:29 of 3rd period - Claude Giroux wins face-off versus Matt Duchene in neutral zone.
7:58 of 3rd period - Off-side.
7:59 of 3rd period - Casey Mittelstadt wins face-off versus Anze Kopitar in neutral zone.
7:59 of 3rd period - Casey Mittelstadt is hit by Glenn Gawdin.
8:40 of 3rd period - Icing by Brenden Dillon.
8:41 of 3rd period - Anze Kopitar wins face-off versus Matt Duchene in COLORADO Avalanche zone.
8:46 of 3rd period - Minor Penalty to Evgeny Svechnikov for Hooking.
8:47 of 3rd period - Claude Giroux wins face-off versus Matt Duchene in COLORADO Avalanche zone.
9:00 of 3rd period - Shot by Nate Schmidt.
9:00 of 3rd period - Stopped by Braden Holtby without a rebound.
9:01 of 3rd period - Jack Eichel wins face-off versus Claude Giroux in COLORADO Avalanche zone.
9:19 of 3rd period - Shot by Nate Schmidt.
9:19 of 3rd period - Shot Misses the Net.
9:21 of 3rd period - Shot by Nate Schmidt.
9:21 of 3rd period - Shot Misses the Net.
9:23 of 3rd period - Shot by Nate Schmidt.
9:23 of 3rd period - Stopped by Braden Holtby without a rebound.
9:24 of 3rd period - Claude Giroux wins face-off versus Matt Duchene in COLORADO Avalanche zone.
9:41 of 3rd period - Shot by Ryan Pulock.
9:41 of 3rd period - Stopped by Braden Holtby without a rebound.
9:42 of 3rd period - Claude Giroux wins face-off versus Jack Eichel in COLORADO Avalanche zone.
11:17 of 3rd period - Shot by Casey Mittelstadt.
11:17 of 3rd period - Shot Misses the Net.
11:19 of 3rd period - Shot by Janne Kuokkanen.
11:19 of 3rd period - Shot Misses the Net.
12:50 of 3rd period - Icing by Joel Eriksson EK.
12:51 of 3rd period - Anze Kopitar wins face-off versus Matt Duchene in VANCOUVER Canucks zone.
12:52 of 3rd period - Shot by Glenn Gawdin.
12:52 of 3rd period - Shot Misses the Net.
12:59 of 3rd period - Icing by Joel Eriksson EK.
13:00 of 3rd period - Anze Kopitar wins face-off versus Matt Duchene in VANCOUVER Canucks zone.
13:05 of 3rd period - Shot by Anze Kopitar.
13:05 of 3rd period - Stopped by Philipp Grubauer with a rebound.
13:10 of 3rd period - Minor Penalty to Evgeny Svechnikov for Hooking.
13:11 of 3rd period - Claude Giroux wins face-off versus Jack Eichel in COLORADO Avalanche zone.
13:24 of 3rd period - Shot by Ryan Dzingel.
13:24 of 3rd period - Shot Misses the Net.
13:29 of 3rd period - Devin Shore is hit by Oscar Klefbom and loses puck.
13:32 of 3rd period - Shot by Nate Schmidt.
13:32 of 3rd period - Stopped by Braden Holtby without a rebound.
13:33 of 3rd period - Jack Eichel wins face-off versus Claude Giroux in COLORADO Avalanche zone.
13:33 of 3rd period - Devin Shore is hit by Noah Dobson and loses puck.
14:11 of 3rd period - Icing by Nate Schmidt.
14:12 of 3rd period - Claude Giroux wins face-off versus Jack Eichel in VANCOUVER Canucks zone.
14:41 of 3rd period - Shot by Ryan Pulock.
14:41 of 3rd period - Stopped by Braden Holtby without a rebound.
14:42 of 3rd period - Matt Duchene wins face-off versus Alexander Wennberg in COLORADO Avalanche zone.
15:13 of 3rd period - Shot by Anze Kopitar.
15:13 of 3rd period - Stopped by Philipp Grubauer without a rebound.
15:14 of 3rd period - Alexander Wennberg wins face-off versus Casey Mittelstadt in VANCOUVER Canucks zone.
15:19 of 3rd period - Shot by Alex Chiasson.
15:19 of 3rd period - Stopped by Philipp Grubauer without a rebound.
15:20 of 3rd period - Anze Kopitar wins face-off versus Casey Mittelstadt in VANCOUVER Canucks zone.
15:21 of 3rd period - Shot by Evgeny Svechnikov.
15:21 of 3rd period - Shot Misses the Net.
15:23 of 3rd period - Shot by Evgeny Svechnikov.
15:23 of 3rd period - Goal by Evgeny Svechnikov - COLORADO Avalanche : 6 - VANCOUVER Canucks : 1.
15:24 of 3rd period - Claude Giroux wins face-off versus Jack Eichel in neutral zone.
16:00 of 3rd period - Shot by Jack Eichel.
16:00 of 3rd period - Stopped by Braden Holtby without a rebound.
16:01 of 3rd period - Alexander Wennberg wins face-off versus Matt Duchene in COLORADO Avalanche zone.
16:01 of 3rd period - Alexander Wennberg is hit by Joel Eriksson EK.
16:20 of 3rd period - Luke Glendening is hit by Joel Eriksson EK and loses puck.
17:15 of 3rd period - Shot by Artemi Panarin.
17:15 of 3rd period - Stopped by Philipp Grubauer without a rebound.
17:16 of 3rd period - Anze Kopitar wins face-off versus Jack Eichel in VANCOUVER Canucks zone.
17:19 of 3rd period - Shot by Anze Kopitar.
17:19 of 3rd period - Shot Hit the Post.
17:21 of 3rd period - Shot by Glenn Gawdin.
17:21 of 3rd period - Goal by Glenn Gawdin - COLORADO Avalanche : 7 - VANCOUVER Canucks : 1.
17:22 of 3rd period - Jack Eichel wins face-off versus Claude Giroux in neutral zone.
17:38 of 3rd period - Icing by Oscar Klefbom.
17:39 of 3rd period - Matt Duchene wins face-off versus Claude Giroux in COLORADO Avalanche zone.
17:47 of 3rd period - Icing by Christian Djoos.
17:48 of 3rd period - Claude Giroux wins face-off versus Matt Duchene in COLORADO Avalanche zone.
17:52 of 3rd period - Claude Giroux is hit by Joel Eriksson EK and loses puck.
18:00 of 3rd period - Anthony Mantha is hit by Travis Hamonic and loses puck.
18:04 of 3rd period - Artemi Panarin is hit by Travis Hamonic and loses puck.
18:10 of 3rd period - Claude Giroux is hit by Travis Hamonic and loses puck.
18:14 of 3rd period - Anthony Mantha is hit by Travis Hamonic and loses puck.
18:27 of 3rd period - Shot by Artemi Panarin.
18:27 of 3rd period - Stopped by Philipp Grubauer without a rebound.
18:28 of 3rd period - Jack Eichel wins face-off versus Alex Chiasson in VANCOUVER Canucks zone.
18:35 of 3rd period - Shot by Alexander Wennberg.
18:35 of 3rd period - Shot Misses the Net.
19:00 of 3rd period - Off-side.
19:01 of 3rd period - Logan Shaw wins face-off versus Anze Kopitar in neutral zone.
19:01 of 3rd period - Tobias Bjornfot is hit by Evgeny Svechnikov and loses puck.
19:22 of 3rd period - Shot by Glenn Gawdin.
19:22 of 3rd period - Stopped by Philipp Grubauer with a rebound.
19:24 of 3rd period - Shot by Anze Kopitar.
19:24 of 3rd period - Shot Misses the Net.
19:26 of 3rd period - Shot by Gustav Lindstrom.
19:26 of 3rd period - Shot Blocked by Tobias Bjornfot.
19:28 of 3rd period - Shot by Evgeny Svechnikov.
19:28 of 3rd period - Shot Misses the Net.
19:30 of 3rd period - Shot by Brenden Dillon.
19:30 of 3rd period - Shot Blocked by Ben Chiarot.
19:52 of 3rd period - Icing by Tobias Bjornfot.
19:53 of 3rd period - Casey Mittelstadt wins face-off versus Claude Giroux in VANCOUVER Canucks zone.
19:53 of 3rd period - Casey Mittelstadt is hit by Anthony Mantha.
Goals for this period are 2 for COLORADO Avalanche vs 0 for VANCOUVER Canucks .
Shots for this period are 13 for COLORADO Avalanche vs 6 for VANCOUVER Canucks .